 Dungeon Crawl Stone Soup version 0.28-a0-850-g09de17f5b5 (webtiles) character file.

Game seed: 8590550467244622572

37 Crownlay the Changer (level 3, 0/23 HPs)
             Began as an Octopode Transmuter on Nov 13, 2021.
             Slain by a phantom (2 damage)
             ... on level 6 of the Dungeon.
             The game lasted 00:02:23 (1307 turns).

Crownlay the Changer (Octopode Transmuter)          Turns: 1307, Time: 00:02:24

Health: 0/23       AC:  1    Str:  9    XL:     3   Next: 41%
Magic:  6/6        EV: 13    Int: 15    God:
Gold:   67         SH:  0    Dex: 13    Spells: 5/6 levels left

rFire   . . .      SeeInvis +   a - +1 dagger
rCold   . . .      Faith    .   (no shield)
rNeg    . . .      Spirit   .   f - +0 mask of the Dragon {Will+ Slay+3 SInv}
rPois   .          Reflect  .   (no amulet)
rElec   .          Harm     .   (no ring)
rCorr   .          Rampage  .   (no ring)
Will    +....                   (no ring)
Stlth   ++........              (no ring)
HPRegen 0.07/turn               (no ring)
MPRegen 0.10/turn               (no ring)
                                (no ring)
                                (no ring)

@: silenced
A: almost no armour, amphibious, 8 rings, camouflage 1, gelatinous body 1,
(nimble swimmer 1), tentacles
a: no special abilities


You were on level 6 of the Dungeon.
You visited 1 branch of the dungeon, and saw 4 of its levels.

You collected 67 gold pieces.

Inventory:

Hand Weapons
 a - a +1 dagger (weapon)
Armour
 f - the +0 mask of the Dragon (worn) {Will+ Slay+3 SInv}
   (You found it on level 4 of the Dungeon)

   Slay:      It affects your accuracy & damage with ranged weapons and melee
   (+3).
   SInv:      It lets you see invisible.
   Will:      It increases your willpower.
Potions
 b - a potion of lignification {unknown}
 c - a potion of invisibility {unknown}
 e - 3 potions of curing {unknown}


   Skills:
 - Level 1.0 Fighting
 - Level 2.0 Dodging
 + Level 2.2 Stealth
 - Level 3.0 Unarmed Combat
 - Level 2.0 Spellcasting
 * Level 3.2 Transmutations


You had 5 spell levels left.
You knew the following spells:

 Your Spells              Type           Power      Damage    Failure   Level
a - Beastly Appendage     Tmut           22%        N/A       6%          1

Your spell library contained the following spells:

 Spells                   Type           Power      Damage    Failure   Level
 Wereblood                Tmut           11%        N/A       9%          2
 Spider Form              Tmut/Pois      6%         N/A       34%         3
 Ice Form                 Ice/Tmut       6%         N/A       75%         4


Dungeon Overview and Level Annotations

Branches:
Dungeon (4/15)
 Temple: D:4-7

Altars:

Annotations:
D:4 Dowan, Duvessa


Innate Abilities, Weirdness & Mutations

You cannot wear most types of armour.
You are amphibious.
You can wear up to eight rings at the same time.
Your skin changes colour to match your surroundings (Stealth+).
Your rubbery body absorbs attacks. (AC +1, EV +1)
((You are camouflaged near water. (Stealth+)))
You have tentacles for arms and can constrict up to eight enemies at once.


Message History

You hit the orc. You grab the orc. You squeeze the orc, but do no damage.
The orc is heavily wounded.
You constrict the orc.
The orc shouts!
The orc priest shouts!
The orc shouts!
The orc closely misses you.
The orc shouts!
You hit the orc.
You kill the orc!
The orc hits you with a +0 short sword.
The phantom hits you but does no damage.
As you read the scroll labelled HASIVI ATUABEC, it crumbles to dust.
It is a scroll of enchant weapon.
Your +0 dagger glows red for a moment.
The orc barely misses you. x2
The orc hits you with a +0 short sword. The phantom completely misses you.
As you read the scroll labelled WEGRAE FISEJU, it crumbles to dust.
A profound silence engulfs you.
It was a scroll of silence.
The orc hits you with a +0 dagger. The phantom hits you.
The phantom blinks!
You blink.
The phantom completely misses you. The phantom misses you.
You hit the phantom. You squeeze the phantom.
The phantom is lightly damaged.
The phantom barely misses you.
You closely miss the phantom.
The phantom is lightly damaged.
The phantom misses you.
You hit the phantom.
The phantom is moderately damaged.
The phantom hits you.
The phantom blinks!
You blink.
The phantom misses you.
You barely miss the orc priest. Your grab misses the orc priest.
You squeeze the orc priest!
The orc priest is severely wounded.
The orc priest hits you with a +0 war axe.
* * * LOW HITPOINT WARNING * * *
The phantom closely misses you.
You hit the orc priest. Your grab misses the orc priest.
The orc priest is almost dead.
The orc barely misses you. The phantom hits you.
You die...

#. #.# #.
#.# #.###.#
#...#.####
#........#
#........#
#..o.....#
#.Wooo...#
#..@.....#
#........#
#.#....)..?#
#..........#
###........#
#........#
##########


You could see a phantom, an orc priest and 3 orcs.

Vanquished Creatures
  An adder (D:2)
  2 dart slugs
  An orc (D:6)
  5 ball pythons (D:1)
  2 endoplasms (D:1)
  A giant cockroach (D:1)
  A hobgoblin (D:1)
  2 kobolds (D:1)
  3 bats (D:1)
  A frilled lizard (D:1)
  4 goblins (D:1)
  A rat (D:1)
24 creatures vanquished.

Notes
Turn   | Place    | Note
-------+----------+-------------------------------------------
     0 | D:1      | Crownlay the Octopode Transmuter began the quest for the
                  | Orb.
     0 | D:1      | Reached XP level 1. HP: 13/13 MP: 3/3
   134 | D:1      | Reached skill level 1 in Stealth
   241 | D:1      | Reached XP level 2. HP: 10/18 MP: 5/5
   784 | D:1      | Found a faded altar of an unknown god.
   933 | D:1      | Reached XP level 3. HP: 23/23 MP: 6/6
  1038 | D:2      | You fall into a shaft and drop 2 floors!
  1174 | D:4      | Found the +0 mask of the Dragon {Will+ Slay+3 SInv}
  1290 | D:4      | Noticed Duvessa
  1290 | D:4      | Noticed Dowan
  1291 | D:4      | You fall into a shaft and drop 2 floors!
  1291 | D:6      | Noticed a phantom
  1307 | D:6      | Slain by a phantom

Illustrated notes

Levels and vault maps discovered:
D:1:      erik_arrival_cave_to_civilisation [erik_arrival_cave_to_hall],
          layout_basic, basic_ecumenical_altar, minmay_hexomino_p4
D:2:      layout_basic, basic_altar
D:4:      layout_basic, mainiacjoe_overflow_six_doors_small,
          minmay_temple_entry_from_below_a, minmay_misc_feat_nine_boxes,
          kennysheep_boxes, uniq_grinder, uniq_duvessa, uniq_edmund
D:6:      layout_rooms, corexii_shack, hangedman_minor_gate_pass, uniq_maggie

Skill      XL: |  1  2  3 |
---------------+----------+-----
Stealth        | 1 2 |  2.2
Transmutations | 3 |  3.2
Fighting       | |  1.0
Dodging        | |  2.0
Unarmed Combat | |  3.0
Spellcasting   | |  2.0

Action                   || total
-------------------------++-------
Melee: Dagger            ||    58
       Constrict         ||    14
       Tentacles         ||    14
       Kick              ||     3
       Unarmed           ||     1
 Cast: Beastly Appendage ||     4
  Use: Scroll            ||     2
 Stab: Sleeping          ||     8
Armor: Skin              ||     3
Dodge: Dodged            ||    47

Table legend: (Time is in decaauts)
 A = Elapsed time spent in this place.
 B = Non-inter-level travel time spent in this place.
 C = Inter-level travel time spent in this place.
 D = Time resting spent in this place.
 E = Time spent auto-exploring this place.
 F = Levels seen in this place.
 G = Mean time per level.
                   A        B        C        D        E       F      G
               +--------+--------+--------+--------+--------+-----+--------+
         Total |   1305 |   1266 |     39 |      9 |    980 |   4 |  326.2 |
       Dungeon |   1305 |   1266 |     39 |      9 |    980 |   4 |  326.2 |
               +--------+--------+--------+--------+--------+-----+--------+

Top non-repeatable levels by time:
     D:1: 983 daAuts
     D:4: 252 daAuts
     D:2: 53 daAuts
     D:6: 15 daAuts
